 Dungeon Crawl Stone Soup version 0.31-a0-1308-ga3cce3a448 (webtiles) character file.

Game seed: 17123790219243461805

457 BrandNewPlayer the Firebug (level 7, -2/55 HPs)
             Began as a Human Wanderer on Dec 19, 2023.
             Slain by a wyvern (18 damage)
             ... on level 6 of the Dungeon.
             The game lasted 01:00:30 (4436 turns).

BrandNewPlayer the Firebug (Human Wanderer)         Turns: 4436, Time: 01:00:31

Health: -2/55      AC:  3    Str: 14    XL:     7   Next: 6%
Magic:  5/11       EV: 11    Int: 15    God:
Gold:   92         SH:  0    Dex:  6    Spells: 9/12 levels left

rFire   . . .        a - staff "Edghac" {^Drain +Blink rC+ Dex-4 Stlth+ Ice}
rCold   + . .        (no shield)
rNeg    . . .        d - +0 robe
rPois   .            (no helmet)
rElec   .            i - +0 cloak
rCorr   .            (no gloves)
SInv    .            (no boots)
Will    +....        (no amulet)
Stlth   ++           (no ring)
HPRegen 0.29/turn    (no ring)
MPRegen 0.12/turn

%: no passive effects
@: enlightened, flying
A: explore regen
a: Evoke Blink


You were on level 6 of the Dungeon.
You visited 1 branch of the dungeon, and saw 7 of its levels.

You collected 92 gold pieces.

Inventory:

Hand Weapons
 l - a +0 dagger
Missiles
 g - a boomerang
 m - 8 poisoned darts
Armour
 c - a +2 scale mail of fire resistance
 d - a +0 robe (worn)
 i - a +0 cloak (worn)
Magical Staves
 a - the staff "Edghac" (weapon) {^Drain +Blink rC+ Dex-4 Stlth+ Ice}
   (You found it on level 7 of the Dungeon)

   [staff of cold]

   Base accuracy: +5 Base damage: 5 Base attack delay: 1.2 This weapon's minimum
   attack delay (0.6) is reached at skill level 12.
   Dex-4:     It affects your dexterity (-4).
   rC+:       It protects you from cold.
   +Blink:    It lets you blink.
   ^Drain:    It drains your maximum health when unequipped.
   Stlth+:    It makes you more stealthy.
   Ice:       It increases the power of your Ice spells.
   It falls into the 'Staves' category.
   It is a one-handed weapon.
Scrolls
 e - a scroll of vulnerability


   Skills:
 - Level 4.6 Fighting
 - Level 1.0 Stealth
 - Level 3.0 Unarmed Combat
 - Level 3.0 Spellcasting
 + Level 5.0 Fire Magic
 - Level 2.0 Evocations


You had 9 spell levels left.
You knew the following spells:

 Your Spells              Type           Power      Damage    Failure   Level
a - Foxfire               Conj/Fire      36%        2x1d5     7%          1
b - Scorch                Fire           34%        2d6       3%          2

Your spell library contained the following spells:

 Spells                   Type           Power      Damage    Failure   Level
 Sticky Flame             Conj/Fire      9%         2d3       56%         4


Dungeon Overview and Level Annotations

Branches:
Dungeon (8/15)
 Temple: D:4-7         Lair: D:8-11

Altars:

Shops:
D:2 :   D:7 *

Portals:
Sewer: D:4

Annotations:
D:3 Sigmund
D:4 1 exclusion


Innate Abilities, Weirdness & Mutations

You regain HP and MP as you explore.


Message History

The wyvern's fire resistance burns away.
The jelly quivers.
The ufetubus hits you but does no damage.
The ufetubus closely misses you. The ufetubus misses you.
The ufetubus closely misses you.
A white imp comes into view.
Casting: Scorch (safe; 3% risk of failure)
Confirm with . or Enter, or press ? or * to list all spells.
Flames lash the ufetubus.
The ufetubus is burned terribly!
You kill the ufetubus!
The wyvern bites you!
* * * LOW HITPOINT WARNING * * *
The orc hits you but does no damage.
A jelly and an adder come into view.
Found 4 stones.
The orc attacks as it pursues you! The orc misses you.
The wyvern closely misses you.
Found a brightly glowing arbalest.
Press: ? - help, v - describe, . - travel
Here: a wyvern (moderately wounded, more vulnerable to fire)
The floor.
Unknown command.
Unknown command.
The wyvern is no longer more vulnerable to fire.
The wyvern bites you!
* * * LOW HITPOINT WARNING * * *
Unknown command.
Casting: Scorch (safe; 3% risk of failure)
Confirm with . or Enter, or press ? or * to list all spells.
Flames lash the adder.
The adder is severely wounded.
The adder's fire resistance burns away.
The wyvern barely misses you.
Unknown command.
Casting: Scorch (safe; 3% risk of failure)
Confirm with . or Enter, or press ? or * to list all spells.
Flames lash the ice beast.
The ice beast melts!
The ice beast is moderately wounded.
The ice beast's fire resistance burns away.
The wyvern bites you but does no damage.
The wyvern bites you!!
You die...

.# ###########.#
#.........Y.#####
#................
#..##.#.##.###.##
#.. #.#5##.###
#.. #.YoJ.)....
#..##J#.#.##.##
#..@kS#.......
#..##.#.#J#.##.
#.. #.[.#.......
#.. #.#....(?#.
#.. ..#.#.)...
#.. #.... ...#
#.. #.# # # #..
..


You could see a wyvern, an ice beast (combustible), a jelly, an adder
(combustible), a white imp and an orc.

Vanquished Creatures
  A water moccasin (D:7)
  An ice beast (D:7)
  A centaur (D:3)
  3 gnolls
  5 adders
  A river rat (D:4)
  A shadow imp (D:7)
  A white imp (D:7)
  An ufetubus (D:6)
  3 dart slugs
  7 orcs
  5 bats
  2 endoplasms
  4 giant cockroaches
  6 hobgoblins
  9 kobolds
  5 quokkas
  8 ball pythons
  2 frilled lizards
  4 goblins
  6 rats
76 creatures vanquished.

Vanquished Creatures (others)
  132 foxfires
132 creatures vanquished.

Grand Total: 208 creatures vanquished

Notes
Turn   | Place    | Note
-------+----------+-------------------------------------------
     0 | D:1      | BrandNewPlayer the Human Wanderer began the quest for the
                  | Orb.
     0 | D:1      | BrandNewPlayer set off with the following items: a +0 club,
                  | a wand of flame (4), a potion of curing, a +0 robe, a
                  | scroll of vulnerability; and the following spell memorised:
                  | Foxfire; and the following spells available to memorise:
                  | Scorch, Sticky Flame.
     0 | D:1      | Reached XP level 1. HP: 13/13 MP: 2/2
   172 | D:1      | Reached XP level 2. HP: 19/19 MP: 1/3
   402 | D:1      | Learned a level 2 spell: Scorch
   513 | D:1      | Reached skill level 4 in Fire Magic
   747 | D:1      | Reached XP level 3. HP: 20/24 MP: 1/4
  1235 | D:2      | Found Miblimex's Book Shoppe.
  2046 | D:2      | Reached XP level 4. HP: 30/30 MP: 0/5
  2556 | D:3      | Noticed a centaur
  2583 | D:3      | Killed a centaur
  2584 | D:3      | Reached skill level 5 in Fire Magic
  2584 | D:3      | Reached XP level 5. HP: 10/39 MP: 1/6
  2880 | D:3      | Noticed Sigmund
  3788 | D:4      | Found a glowing drain.
  3793 | D:4      | Reached XP level 6. HP: 43/48 MP: 0/7
  3923 | D:4      | You fall into a shaft and drop 3 floors!
  3934 | D:7      | Noticed a water moccasin
  3948 | D:7      | Killed a water moccasin
  4066 | D:7      | Identified the staff "Edghac" {^Drain +Blink rC+ Dex-4
                  | Stlth+ Ice}
  4107 | D:7      | Noticed an ice beast
  4237 | D:7      | Killed an ice beast
  4238 | D:7      | Reached XP level 7. HP: 27/55 MP: 0/11
  4411 | D:7      | Noticed a red ugly thing
  4411 | D:7      | Noticed a cyclops
  4416 | D:7      | Noticed a wyvern
  4417 | D:7      | Found Racvul's Lightly-Used Armoury.
  4436 | D:6      | Slain by a wyvern

Illustrated notes

Levels and vault maps discovered:
D:1:      dpeg_arrival_oval, layout_basic
D:2:      layout_basic, serial_shops, nicolae_shop_rolling_square,
          chequers_serial_rivers_large_b, minmay_crystal_water
D:3:      minmay_diamond_boxcup, layout_basic,
          nicolae_overflow_quartered_altars, grunt_decor_cap, uniq_sigmund
D:4:      layout_rooms, portal_sewer_entry_a, minmay_fountain_box,
          chequers_serial_rivers_room_a
D:6:      layout_basic, minmay_diced_spiral
D:7:      minmay_blocky_corners, layout_cave_pools, mainiacjoe_overflow_catwalk,
          gammafunk_ghost_smash, st_stairs_1, minmay_shop_damaged
D:8:      nicolae_cairo_tiling_large_dashed, layout_layer_cave, serial_glass,
          glass_columns_b, glass_columns_a, glass_columns_a, glass_columns_b

Skill      XL: |  1  2  3  4  5  6 |
---------------+-------------------+-----
Fire Magic     | 4 5 |  5.0
Fighting       | 2 3 4 |  4.6
Spellcasting   | 3 |  3.0
Stealth        | |  1.0
Unarmed Combat | |  3.0
Evocations     | |  2.0

Action                     |  1- 3 |  4- 6 |  7- 9 || total
---------------------------+-------+-------+-------++-------
  Melee: Club              |    14 |       |       ||    14
         Short sword       |    23 |       |       ||    23
         Punch             |     1 |     2 |       ||     3
         Dagger            |     4 |    88 |       ||    92
         Staff             |       |    17 |       ||    17
  Throw: Dart              |       |     4 |       ||     4
   Cast: Foxfire           |    38 |    45 |       ||    83
         Scorch            |    12 |    31 |     5 ||    48
  Evoke: Wand              |     2 |     2 |       ||     4
    Use: Potion            |       |    10 |     2 ||    12
         Scroll            |       |     4 |     1 ||     5
   Stab: Sleeping          |     2 |     3 |       ||     5
 Armour: Robe              |    39 |   114 |    26 ||   179
  Dodge: Dodged            |    33 |    99 |    23 ||   155

Table legend: (Time is in decaauts)
 A = Elapsed time spent in this place.
 B = Non-inter-level travel time spent in this place.
 C = Inter-level travel time spent in this place.
 D = Time resting spent in this place.
 E = Time spent auto-exploring this place.
 F = Levels seen in this place.
 G = Mean time per level.
                   A        B        C        D        E       F      G
               +--------+--------+--------+--------+--------+-----+--------+
         Total |   4460 |   4038 |    422 |   1036 |   1885 |   7 |  637.1 |
       Dungeon |   4460 |   4038 |    422 |   1036 |   1885 |   7 |  637.1 |
               +--------+--------+--------+--------+--------+-----+--------+

Top non-repeatable levels by time:
     D:2: 1947 daAuts
     D:1: 1089 daAuts
     D:3: 720 daAuts
     D:7: 260 daAuts
     D:8: 224 daAuts
     D:4: 204 daAuts
     D:6: 14 daAuts
